 Dungeon Crawl Stone Soup version 0.30.1-11-g7821555f0a (webtiles) character file.

Game seed: 13101743858661503449

137 Nonny the Ruffian (level 5, -2/46 HPs)
             Began as a Ghoul Monk on Nov 12, 2023.
             Was a Priest of Lugonu.
             Splashed by a jelly's acid (10 damage)
             ... on level 4 of the Dungeon on Nov 13, 2023.
             The game lasted 00:06:32 (2016 turns).

Nonny the Ruffian (Ghoul Monk)                      Turns: 2016, Time: 00:06:32

Health: -2/46      AC: -5    Str: 17    XL:     5   Next: 20%
Magic:  5/5        EV: 11    Int:  5    God:    Lugonu [***...]
Gold:   173        SH:  0    Dex: 11    Spells: 4/4 levels left

rFire   . .          .
                       - Unarmed
rCold   + . .        c - orb {light}
rNeg    + + +        g - +1 ring mail
rPois   ∞            (no helmet)
rElec   .            (no cloak)
rCorr   .            (no gloves)
SInv    .            (no boots)
Will    .....        (no amulet) Stlth
                     (no ring)
HPRegen 0.00/turn    (no ring)
MPRegen 0.09/turn

%: no passive effects
@: corroded, inhibited regen, glowing
A: claws 1, cold resistance 1, negative energy resistance 3, inhibited
regeneration, torment resistance 2, devour on kill
a: Renounce Religion, Depart the Abyss, Banish


You were on level 4 of the Dungeon.
You worshipped Lugonu.
Lugonu was most pleased with you.
You visited 1 branch of the dungeon, and saw 4 of its levels.

You collected 173 gold pieces.

Inventory:

Missiles
 e - 5 silver javelins (quivered)
 o - 5 javelins
 q - 3 poisoned darts
Armour
 c - an orb of light (worn)
 g - a +1 ring mail (worn)
Magical Staves
 n - a staff of death
Scrolls
 d - a scroll of magic mapping
 h - a scroll of immolation {unknown}
 i - a scroll of poison {unknown}
 j - a scroll of enchant weapon {unknown}
 s - 2 scrolls of vulnerability {unknown}
Potions
 a - a potion of flight
 b - a potion of ambrosia
 f - 2 potions of haste
 k - a potion of might
 m - 2 potions of heal wounds {unknown}
 p - 2 potions of curing {unknown}
 t - a potion of brilliance {unknown}


   Skills:
 - Level 4.0 Fighting
 * Level 1.1 Throwing
 + Level 1.2 Armour
 - Level 2.6 Dodging
 - Level 5.0 Unarmed Combat
 * Level 1.3 Invocations


You had 4 spell levels left.
You didn't know any spells.
Your spell library contained the following spells:

 Spells                   Type           Power      Damage    Failure   Level
 Shock                    Conj/Air       0%         1d3       69%         1
 Ozocubu's Armour         Ice            0%         N/A       96%         3
 Swiftness                Air            0%         N/A       96%         3
 Airstrike                Air            0%         2d(0-16)  100%        4
 Ozocubu's Refrigeration  Ice            0%         4d7       100%        7


Dungeon Overview and Level Annotations

Branches:
Dungeon (4/15)
 Temple: D:4-7

Altars:
Makhleb
Okawaru
Lugonu


Innate Abilities, Weirdness & Mutations

You are immune to poison.
You have sharp fingernails.
Your flesh is cold resistant. (rC+)
You are immune to negative energy. (rN+++)
You do not regenerate when monsters are visible.
You are immune to unholy pain and torment.
You thrive by killing the living.


Message History

You kill the kobold!
Lugonu accepts your kill.
Found a scale mail.
Things that are here:
a +0 short sword; 4 stones You pick up Ozocubu's Autobiography and begin reading...
You add the spells Ozocubu's Armour and Ozocubu's Refrigeration to your library.
Things that are here:
a +0 short sword; 4 stones Unknown command.
Magic restored.
A jelly comes into view.
The jelly quivers.
The jelly closely misses you.
You scratch the jelly. The acid corrodes you!
Your claws burn!
The jelly is moderately wounded.
The jelly hits you but does no damage.
You scratch the jelly.
Your claws burn!
The jelly is moderately wounded.
The jelly hits you.
You are splashed with acid.
You scratch the jelly. The acid corrodes you!
Your claws burn!
The jelly is heavily wounded.
You scratch the jelly.
Your claws burn!
The jelly is heavily wounded.
The jelly hits you. The acid corrodes you!
You are splashed with acid.
You are too injured to fight recklessly!
The jelly attacks as you move away! The jelly hits you. The acid corrodes you!
You are splashed with acid!
* * * LOW HITPOINT WARNING * * *
Unknown command.
Okay, then.
Throw: 6 javelins
Press: ? - help, Shift-Dir - straight line, f - jelly
Aim: a jelly (heavily wounded, haloed, 97% to hit)
You throw a javelin. The javelin pierces through the jelly.
The jelly is severely wounded.
The jelly barely misses you. The jelly hits you.
* * * LOW HITPOINT WARNING * * *
You are splashed with acid!
You die...

#.. ... #.# #.#
. #.# #.# ...
#.# ##.####....
#.# #.<.......#
#.# #..........
#.# #)#####...#
#J# #.# .. #@#
###.#
#.###...#####...
#...............
#####.##.#####..
#.##.# #[##.#
#.##.# #.##.#
#.##.#


You could see a jelly.

Vanquished Creatures
  An iguana (D:4)
  5 adders
  A worm (D:3)
  A dart slug (D:1)
  3 bats
  9 endoplasms
  3 giant cockroaches
  7 hobgoblins
  3 jackals (D:2)
  7 quokkas
  3 ball pythons
  4 goblins
  4 kobolds
  7 rats
58 creatures vanquished.

Notes
Turn   | Place    | Note
-------+----------+-------------------------------------------
     0 | D:1      | Nonny the Ghoul Monk began the quest for the Orb.
     0 | D:1      | Reached XP level 1. HP: 19/19 MP: 0/0
   100 | D:1      | Reached XP level 2. HP: 26/26 MP: 1/1
   213 | D:1      | Found a faded altar of an unknown god.
   221 | D:1      | Prayed at the altar of an unknown god.
   221 | D:1      | Became a worshipper of Lugonu the Unformed
   221 | D:1      | Reached * piety under Lugonu
   221 | D:1      | Reached ** piety under Lugonu
   460 | D:1      | Reached *** piety under Lugonu
   461 | D:1      | Reached skill level 4 in Unarmed Combat
   488 | D:1      | Reached XP level 3. HP: 33/33 MP: 2/2
   947 | D:2      | staff of death
   969 | D:2      | Reached XP level 4. HP: 40/40 MP: 3/3
  1113 | D:2      | Reached skill level 5 in Unarmed Combat
  1423 | D:3      | Noticed a black bear
  1468 | D:3      | Found an iron altar of Okawaru.
  1884 | D:3      | Found a burning altar of Makhleb.
  1939 | D:3      | Reached skill level 1 in Invocations
  1983 | D:4      | Reached skill level 1 in Throwing
  1983 | D:4      | Reached skill level 1 in Armour
  1983 | D:4      | Reached XP level 5. HP: 46/46 MP: 4/4
  2016 | D:4      | Splashed by a jelly's acid

Illustrated notes

# # ## # .#
.# .. .#
#.#.# . ..$
...# #. ....
..#
#.#####.....
.##
#...@.......
#<##
###.†.......
##.##
#.#####...
....# #.# #
####.# #.# #
.# #.# # #
###.# #
#...# .
#.###


Turn 947 on D:2: staff of death

Levels and vault maps discovered:
D:1:      dpeg_arrival_long_road, layout_loops_ring, basic_ecumenical_altar,
          skrybe_limestone_x
D:2:      layout_loops_ring
D:3:      layout_basic, mainiacjoe_overflow_alcove_4,
          mainiacjoe_overflow_brackets
D:4:      layout_loops_ring, temple_statues, serial_shops,
          nicolae_shop_waterfront, corexii_checkpoint_a

Skill      XL: |  1  2  3  4 |
---------------+-------------+-----
Unarmed Combat | 4 5 |  5.0
Fighting       | 4 |  4.0
Invocations    | 1 |  1.3
Throwing       | 1 |  1.1
Armour         | 1 |  1.2
Dodging        | |  2.6

Action                     |  1- 3 |  4- 6 || total
---------------------------+-------+-------++-------
  Melee: Unarmed           |   105 |    70 ||   175
  Throw: Javelin           |       |     1 ||     1
    Use: Scroll            |       |    12 ||    12
 Armour: Robe              |    11 |       ||    11
         Ring mail         |    13 |    13 ||    26
  Dodge: Dodged            |    53 |    34 ||    87
